 Dungeon Sprint DCSS version 0.28-a0-239-g68911e0c57 (webtiles) character file.

Game seed: 9916222935883936325

408 MikeHunt the Destroyer (level 6, -39/32 HPs)
             Began as a Tengu Conjurer on Aug 23, 2021.
             Was a Believer of Ru.
             Killed from afar by a nagaraja (52 damage)
             ... with a poison arrow
             ... in the Dungeon (Sprint VII: "The Pits").
             The game lasted 00:04:43 (675 turns).

MikeHunt the Destroyer (Tengu Conjurer)              Turns: 675, Time: 00:04:44

Health: -39/32     AC:  2    Str:  7    XL:     6   Next: 88%
Magic:  15/18      EV: 17    Int: 21    God:    Ru [**....]
Gold:   0          SH:  0    Dex: 12    Spells: 12/22 levels left

rFire   . . .      SeeInvis .   j - +2 dagger (elec)
rCold   . . .      Faith    .   (no shield)
rNeg    . . .      Spirit   .   a - +0 robe
rPois   .          Reflect  .   (helmet restricted)
rElec   .          Harm     .   (no cloak)
rCorr   .          Rampage  .   (no gloves)
Will    .....      NoTele   +   (boots unavailable)
Stlth   ++........              (no amulet)
HPRegen 0.10/turn               (no ring)
MPRegen 0.16/turn               (no ring)

@: lethally poisoned (-39 -> -70), untranslocatable, flying quickly and
evasively, quick
A: beak, talons 3, inability to use devices, nimble flight
a: Renounce Religion


You were in the Dungeon.
You worshipped Ru.
Ru was pleased with you.
You visited 1 branch

Inventory:

Hand Weapons
 h - a +2 quarterstaff
 j - a +2 dagger of electrocution (weapon)
Armour
 a - a +0 robe (worn)
Potions
 b - 6 potions of curing
 c - 5 potions of heal wounds
 d - a potion of haste
 e - 3 potions of magic
 f - 2 potions of berserk rage
 i - 2 potions of invisibility


   Skills:
 + Level 7.1 Dodging
 - Level 2.0 Stealth
 + Level 8.6 Spellcasting
 - Level 10.1 Conjurations
 + Level 4.5 Hexes


You had 12 spell levels left.
You knew the following spells:

 Your Spells              Type           Power      Damage    Failure   Level
a - Magic Dart            Conj           100%       1d8       1%          1
b - Dazzling Flash        Conj/Hex       78%        N/A       1%          3
r - Searing Ray           Conj           100%       3d7       1%          2
t - Fulminant Prism       Conj/Hex       19%        3d11      3%          4

Your spell library contained the following spells:

 Spells                   Type           Power      Damage    Failure   Level
 Iskenderun's Mystic Bla  Conj/Tloc      30%        2d8       10%         4


Dungeon Overview and Level Annotations

Branches:
Dungeon (1/1)

Altars:
Ashenzari
Cheibriados
Dithmenos
Elyvilon
Fedhas
Gozag
Hepliaklqana
Kikubaaqudgha
Makhleb
Nemelex Xobeh
Okawaru
Qazlal
Ru
Sif Muna
Trog
Uskayaw
Vehumet
Wu Jian
Xom
Yredelemnul
Zin
The Shining One
Beogh
Jiyva
Lugonu


Innate Abilities, Weirdness & Mutations

You have a beak for a mouth.
You have claws for feet.
You cannot study or use magical devices.
Your magical nature lets you fly swiftly and evasively.


Message History

The blast of energy engulfs the nagaraja!
The nagaraja is severely wounded.
Casting: Fulminant Prism (quite dangerous; 3% risk of failure)
Confirm with . or Enter, or press ? or * to list all spells.
The spell is quite dangerous to cast (3% risk of failure)!
Continue anyway?
Aiming: Fulminant Prism (quite dangerous; 3% risk of failure)
Press: ? - help, Dir - move target You conjure a prism of explosive energy!
A fulminant prism comes into view.
The nagaraja hits your fulminant prism with a +0 whip!!
Your fulminant prism detonates feebly.
You aren't carrying any scrolls.
You feel much better.
The nagaraja gestures at you while chanting.
You feel firmly anchored in space. Magic courses through your body.
The nagaraja begins to cast a spell, but is stunned by your conviction!
The nagaraja spits poison at you. The splash of poison hits you!
You are poisoned.
You feel very sick.
Casting: Fulminant Prism (quite dangerous; 3% risk of failure)
Confirm with . or Enter, or press ? or * to list all spells.
The spell is quite dangerous to cast (3% risk of failure)!
Continue anyway?
Aiming: Fulminant Prism (quite dangerous; 3% risk of failure)
Press: ? - help, Dir - move target You conjure a prism of explosive energy!
A fulminant prism comes into view.
You feel sick.
You feel sick.
You feel sick.
Your fulminant prism crackles loudly.
You feel sick.
Your fulminant prism explodes!
The blast of energy engulfs the nagaraja!
The nagaraja is severely wounded.
The nagaraja casts a spell at you. The poison arrow hits you!!!
You are lethally poisoned!
Ouch! That really hurt!
You die...

############
#_________.#
#_________.#
#_______...###########++
##########'##...........
#.?(.')))'.##......#..#
##########.##..........
#....N....@.'...........
#'#####'#####......#..#.
#.#..#...'.##...........
#.#..#...#.#####'#####+
#.#..#####.##.......#
#.#..'...#.##.......#
#N#..†.†.'.##.......#
#.#.†########...<...#
#.#..'[))).##.......#


You could see a nagaraja (fast).

Vanquished Creatures
  A floating eye (D)
  A black bear (D)
  A phantom (D)
  A scorpion (D)
  A crimson imp (D)
  An iron imp (D)
  An adder (D)
  2 river rats (D)
  An adder skeleton (D)
  A giant cockroach (D)
  A hobgoblin (D)
  2 jackals (D)
  2 frilled lizards (D)
  A rat (D)
17 creatures vanquished.

Vanquished Creatures (others)
  10 fulminant prisms (D)
10 creatures vanquished.

Grand Total: 27 creatures vanquished

Notes
Turn   | Place    | Note
-------+----------+-------------------------------------------
     0 | D        | MikeHunt the Tengu Conjurer began the quest for the Orb.
     0 | D        | Reached XP level 1. HP: 10/10 MP: 4/4
    15 | D        | Found a bloodstained altar of Trog.
    15 | D        | Found a shimmering blue altar of Sif Muna.
    15 | D        | Found a viscous altar of Jiyva.
    15 | D        | Found a hazy altar of Hepliaklqana.
    15 | D        | Found an opulent altar of Gozag.
    16 | D        | Found a glowing golden altar of the Shining One.
    16 | D        | Found a glowing silver altar of Zin.
    16 | D        | Found a basalt altar of Yredelemnul.
    16 | D        | Found a shimmering altar of Xom.
    16 | D        | Found an ornate altar of the Wu Jian Council.
    16 | D        | Found a sacrificial altar of Ru.
    16 | D        | Found a stormy altar of Qazlal.
    16 | D        | Found an iron altar of Okawaru.
    16 | D        | Found a sparkling altar of Nemelex Xobeh.
    16 | D        | Found a burning altar of Makhleb.
    16 | D        | Found a blossoming altar of Fedhas.
    16 | D        | Found a white marble altar of Elyvilon.
    16 | D        | Found a shadowy altar of Dithmenos.
    16 | D        | Found a snail-covered altar of Cheibriados.
    17 | D        | Found a radiant altar of Vehumet.
    17 | D        | Found a corrupted altar of Lugonu.
    18 | D        | Found a hide-covered altar of Uskayaw.
    18 | D        | Found an ancient bone altar of Kikubaaqudgha.
    18 | D        | Found a broken altar of Ashenzari.
    20 | D        | Became a worshipper of Ru the Awakened
    51 | D        | Reached skill level 6 in Conjurations
    51 | D        | Reached XP level 2. HP: 15/15 MP: 2/7
    89 | D        | Learned a level 2 spell: Searing Ray
   129 | D        | Noticed a floating eye
   138 | D        | Reached skill level 7 in Conjurations
   138 | D        | Killed a floating eye
   139 | D        | Reached skill level 10 in Conjurations
   139 | D        | Reached XP level 3. HP: 14/19 MP: 4/11
   139 | D        | Reached XP level 4. HP: 18/24 MP: 4/13
   139 | D        | Gained mutation: Your magical nature lets you fly swiftly
                  | and evasively. [Tengu growth]
   139 | D        | Reached XP level 5. HP: 21/28 MP: 4/14
   216 | D        | Learned a level 3 spell: Dazzling Flash
   298 | D        | Learned a level 4 spell: Fulminant Prism
   375 | D        | Noticed a phantom
   379 | D        | Reached skill level 5 in Dodging
   379 | D        | Reached XP level 6. HP: 32/32 MP: 8/17
   463 | D        | Noticed a black bear
   465 | D        | Killed a black bear
   470 | D        | Gained mutation: You cannot study or use magical devices.
                  | [Ru sacrifice]
   470 | D        | Reached * piety under Ru
   470 | D        | Reached ** piety under Ru
   503 | D        | Noticed a nagaraja
   675 | D        | Killed from afar by a nagaraja

Illustrated notes

Levels and vault maps discovered:
D:        pitsprint [storerooms_1, entrance_room_1, metal_vault_8, armoury_1,
          mini_pit_1, grid_room_1, main_hall_1, silver_pit, the_coven_3,
          the_vestibule_1, steel_vault_1, golden_pit, hallway_of_sentries,
          crystal_vault_3, iron_vault_1, final_vault]

Skill      XL: |  1  2  3  4  5  6 |
---------------+-------------------+-----
Spellcasting   | 3 6 7 8 |  8.6
Conjurations   | 6 10 | 10.1
Dodging        | 5 7 |  7.1
Hexes          | 3 4 |  4.5
Stealth        | |  2.0

Action                   |  1- 3 |  4- 6 || total
-------------------------+-------+-------++-------
Melee: Quarterstaff      |     4 |       ||     4
       Kick              |     1 |       ||     1
       Peck              |     1 |       ||     1
 Cast: Magic Dart        |     4 |     6 ||    10
       Searing Ray       |     1 |     5 ||     6
       Fulminant Prism   |       |    10 ||    10
Invok: Sacrifice Artific |       |     1 ||     1
  Use: Potion            |     1 |     2 ||     3
       Scroll            |       |     1 ||     1
 Stab: Sleeping          |     1 |       ||     1
Armor: Robe              |     2 |       ||     2
Dodge: Dodged            |     3 |     5 ||     8

Table legend: (Time is in decaauts)
 A = Elapsed time spent in this place.
 B = Non-inter-level travel time spent in this place.
 C = Inter-level travel time spent in this place.
 D = Time resting spent in this place.
 E = Time spent auto-exploring this place.
 F = Levels seen in this place.
 G = Mean time per level.
                   A        B        C        D        E       F      G
               +--------+--------+--------+--------+--------+-----+--------+
         Total |    669 |    653 |     16 |    387 |      0 |   1 |  669.0 |
       Dungeon |    669 |    653 |     16 |    387 |      0 |   1 |  669.0 |
               +--------+--------+--------+--------+--------+-----+--------+

Top non-repeatable levels by time:
       D: 669 daAuts
